 Dungeon Crawl Stone Soup version 0.20.0-15-g7f486f2 (webtiles) character file.

62 Gargoyl the Skirmisher (level 3, -1/33 HPs)
             Began as a Draconian Abyssal Knight on June 14, 2017.
             Was a Believer of Lugonu.
             Succumbed to Jessica's poison
             ... on level 2 of the Dungeon.
             The game lasted 00:02:39 (1200 turns).

Gargoyl the Skirmisher (Draconian Abyssal Knight)   Turns: 1200, Time: 00:02:40

Health: -1/33      AC:  6    Str: 19    XL:     3   Next: 85%
Magic:  4/4        EV: 13    Int: 17    God:    Lugonu [**....]
Gold:   100        SH:  0    Dex: 11    Spells: 2/2 levels left

rFire    + . .     SeeInvis .   a - +1 hand axe
rCold    . . .     Gourm    .   (no shield)
rNeg     + . .     Faith    .   (armour unavailable)
rPois    .         Spirit   .   (helmet restricted)
rElec    .         Reflect  .   (no cloak)
rCorr    .         Harm     .   (no gloves)
MR       .....                  (no boots)
Stlth    +.........             (no amulet)
Regen    0.2/turn               c - ring of positive energy
MPRegen  0.1/turn               e - +1 ring of protection (curse)

@: mighty, brilliant, lethally poisoned (-1 -> -15)
A: unfitting armour, horns 2, fire resistance 1, cold-blooded, AC +5
a: Depart the Abyss, Bend Space, Renounce Religion


You were on level 2 of the Dungeon.
You worshipped Lugonu.
Lugonu was pleased with you.
You were not hungry.

You visited 1 branch of the dungeon, and saw 2 of its levels.
You visited the Abyss 1 time.

You collected 100 gold pieces.

Inventory:

Hand Weapons
 a - a +1 hand axe (weapon)
Jewellery
 c - a ring of positive energy (left hand)
 e - a cursed +1 ring of protection (right hand)
 f - a +2 ring of intelligence {unknown}
Scrolls
 l - a scroll of teleportation {unknown}
Comestibles
 b - a bread ration
 j - 2 fruits
 k - 6 chunks of flesh


   Skills:
 + Level 3.8 Fighting
 + Level 2.4 Axes
 * Level 2.9 Dodging
 * Level 0.6 Stealth
 * Level 2.6 Invocations


You had 2 spell levels left.
You didn't know any spells.

Dungeon Overview and Level Annotations

Branches:
Dungeon (2/15)

Altars:

Annotations:
D:2 Jessica


Innate Abilities, Weirdness & Mutations

Your plain brown scales are hard. (AC +5)
You cannot fit into any form of body armour.
You are cold-blooded and may be slowed by cold attacks.
You have a pair of horns on your head.
Your flesh is heat resistant. (rF+)


Message History

You cannot move.
* * * LOW HITPOINT WARNING * * *
You feel sick.
* * * LOW HITPOINT WARNING * * *
You feel sick.
It was a potion of mutation.
You feel extremely strange. A pair of horns grows on your head!
The horns on your head grow some more.
You feel resistant to heat.
* * * LOW HITPOINT WARNING * * *
You feel sick.
Unknown command.
You cannot move.
You cannot move.
You cannot move.
Unknown command.
You cannot move.
You cannot move.
Unknown command.
You feel less wooden.
You die...

# # .# .# ####.# # .#
...#.##.## #.# ..........
.. ........# ##..#
##.###### #.#.# #..######
#.#.# . ........######
#@#.#####..
####.........###.#....... #
#.........'.@.#.....
####.........###.#..#####.#
.#.####......#
#.?.ยง......# #.#.#
#.###### #.##..###..# .#.##
#.# #.##..# #.#.###.##
#.##...# ####.....#
#......#


You could see Jessica.

Vanquished Creatures
  An adder (D:2)
  An ooze (D:1)
  A dart slug (D:1)
  2 leopard geckos (D:1)
  A ball python (D:1)
  4 giant cockroaches
  4 goblins
  5 hobgoblins
  4 jackals (D:1)
  8 bats
  A frilled lizard (D:1)
  4 kobolds
  5 rats
41 creatures vanquished.

Notes
Turn   | Place    | Note
-------+----------+-------------------------------------------
     0 | Abyss:1  | Gargoyl the Draconian Abyssal Knight began the quest for the Orb.
     0 | Abyss:1  | Reached XP level 1. HP: 19/19 MP: 2/2
    49 | Abyss:1  | Noticed a wight
    62 | D:1      | Escaped the Abyss
   133 | D:1      | Reached * piety under Lugonu
   175 | D:1      | Reached XP level 2. HP: 14/26 MP: 3/3
   675 | D:1      | Reached XP level 3. HP: 33/33 MP: 4/4
  1058 | D:2      | Reached ** piety under Lugonu
  1163 | D:2      | Noticed Jessica
  1197 | D:2      | HP: 2/49 [poisoned by Jessica]
  1199 | D:2      | Gained mutation: You have a pair of small horns on your head. [potion of mutation]
  1199 | D:2      | Gained mutation: You have a pair of horns on your head. [potion of mutation]
  1199 | D:2      | Gained mutation: Your flesh is heat resistant. (rF+) [potion of mutation]
  1200 | D:2      | Succumbed to Jessica's poison

Action                   || total
-------------------------++-------
Melee: Hand axe          ||   102
       Tailslap          ||     4
Invok: Depart the Abyss  ||     1
  Use: Potion            ||     4
  Eat: Chunk             ||     1
Armor: Skin              ||    59
Dodge: Dodged            ||    98
